 Dungeon Crawl Stone Soup version 0.23.2-40-g277498a001 (webtiles) character file.

Game seed: 9014290106866719041

5 MalarOregon the Caller (level 1, 0/14 HPs)
             Began as a Merfolk Summoner on Aug 19, 2019.
             Slain by a jackal (3 damage)
             ... on level 1 of the Dungeon.
             The game lasted 00:00:45 (323 turns).

MalarOregon the Caller (Merfolk Summoner)            Turns: 323, Time: 00:00:45

Health: 0/14       AC:  2    Str:  8    XL:     1   Next: 80%
Magic:  0/3        EV: 13    Int: 14    God:
Gold:   16         SH:  0    Dex: 14    Spells: 3/4 levels left

rFire    . . .     SeeInvis .   c - +0 dagger (protect)
rCold    . . .     Gourm    .   (no shield)
rNeg     . . .     Faith    .   a - +0 robe
rPois    .         Spirit   .   (no helmet)
rElec    .         Reflect  .   (no cloak)
rCorr    .         Harm     .   (no gloves)
MR       .....                  (no boots)
Stlth    ++........             (no amulet)
HPRegen  0.04/turn              (no ring)
MPRegen  0.08/turn              (no ring)

@: no status effects
A: change form in water, swift swim, stealthy swim
a: no special abilities


You were on level 1 of the Dungeon.
You were not hungry.

You visited 1 branch of the dungeon, and saw 1 of its levels.

You collected 16 gold pieces.

Inventory:

Hand Weapons
 c - a +0 dagger of protection (weapon)
   (You took it off a kobold on level 1 of the Dungeon)
Armour
 a - a +0 robe (worn)
Comestibles
 e - 2 rations {!d}


   Skills:
 + Level 0.3 Fighting
 + Level 2.8 Dodging
 - Level 2.1 Stealth
 + Level 2.0 Spellcasting
 * Level 4.1 Summonings


You had 3 spell levels left.
You knew the following spells:

 Your Spells              Type           Power        Failure   Level  Hunger
a - Summon Small Mammal   Summ           ##..         4%          1    ##.....

Your spell library contained the following spells:

 Spells                   Type           Power        Failure   Level  Hunger
 Call Imp                 Summ           ##......     7%          2    ###....
 Call Canine Familiar     Summ           ##......     13%         3    ####...
 Summon Guardian Golem    Hex/Summ       #.......     30%         3    ####...
 Summon Ice Beast         Ice/Summ       #.......     69%         4    #####..
 Summon Lightning Spire   Summ/Air       #.......     69%         4    #####..


Dungeon Overview and Level Annotations

Branches:
Dungeon (1/15)

Altars:


Message History

You closely miss the hobgoblin. The hobgoblin misses you.
You barely miss the hobgoblin. The hobgoblin closely misses you.
You barely miss the jackal. The jackal misses you. The jackal bites you.
The jackal completely misses you. The jackal bites you. The hobgoblin hits you.
* * * LOW HITPOINT WARNING * * *
The jackal closely misses you. The jackal misses you.
The hobgoblin barely misses you.
Unknown command.
Your bat hits the jackal. Your bat misses the jackal. The jackal misses you.
The jackal bites you.
* * * LOW HITPOINT WARNING * * *
The jackal completely misses you.
Your rat bites the hobgoblin but does no damage.
You closely miss the jackal. The jackal completely misses you.
Your rat closely misses the hobgoblin.
The jackal bites your bat but does no damage.
Your bat closely misses the jackal.
The hobgoblin barely misses something.
The jackal misses your bat.
You see here 25 stones.
Your bat hits the jackal.
The hobgoblin hits something.
The jackal barely misses your bat.
Your bat barely misses the jackal.
Your bat hits the jackal but does no damage.
The jackal bites you but does no damage.
You barely miss the jackal.
Your bat hits the jackal but does no damage.
The jackal bites your bat.
You closely miss the jackal. Your bat hits the jackal.
The jackal misses your bat.
You hit the jackal.
Your weapon exudes an aura of protection.
Your bat hits the jackal but does no damage.
The jackal completely misses you. The jackal closely misses your bat.
The jackal bites you but does no damage.
You see here 25 stones.
You swap places.
Your bat hits the jackal but does no damage.
The jackal bites your bat but does no damage.
The jackal barely misses your bat.
Your bat closely misses the jackal.
The jackal misses your bat.
Your bat hits the jackal but does no damage.
The jackal bites your bat.
Your bat dies!
Your bat's corpse disappears in a puff of smoke!
Your rat bites the jackal.
The jackal dies!
Unknown command.
You see here 25 stones.
You closely miss the jackal. The jackal bites you.
You die...

### #.# #... ..# #...
#.# #....#.#
##....#.###.#.#
......'........
#.#### #.ghr# .
######.##@#......#
##.#......##.#......#
.....####.##.#......#
....................#
###......†..........#
#.......#.........#
#.#.###.#.........#
.# #
#.#.............# .#
#.#.............# .#


You could see a jackal, a hobgoblin and a friendly rat.

Vanquished Creatures
  A leopard gecko (D:1)
  2 kobolds (D:1)
3 creatures vanquished.

Vanquished Creatures (collateral kills)
  A hobgoblin (D:1)
  A jackal (D:1)
  A ball python (D:1)
  A kobold (D:1)
4 creatures vanquished.

Grand Total: 7 creatures vanquished

Notes
Turn   | Place    | Note
-------+----------+-------------------------------------------
     0 | D:1      | MalarOregon the Merfolk Summoner began the quest for the
                  | Orb.
     0 | D:1      | Reached XP level 1. HP: 13/13 MP: 3/3
   323 | D:1      | Slain by a jackal

Action                   || total
-------------------------++-------
Melee: Dagger            ||    14
       Unarmed           ||    11
 Cast: Summon Small Mamm ||     8
 Stab: Distracted        ||     1
Armor: Robe              ||     7
Dodge: Dodged            ||    26
